 Dungeon Crawl Stone Soup version 0.32-a0-18-g89e19f1974 (webtiles) character file.

Game seed: 10221484904943655727

457 BigPumpCobain the Ruffian (level 7, -2/62 HPs)
             Began as a Naga Shapeshifter on Jan 16, 2024.
             Was an Initiate of Cheibriados.
             Splashed by a jelly's acid (4 damage)
             ... on level 5 of the Dungeon.
             The game lasted 00:08:17 (3487 turns).

BigPumpCobain the Ruffian (Naga Shapeshifter)       Turns: 3487, Time: 00:08:18

Health: -2/62      AC: -4    Str: 20    XL:     7   Next: 6%
Magic:  7/7        EV: 10    Int: 11    God:    Cheibriados [......]
Gold:   225        SH:  0    Dex: 11    Spells: 6/6 levels left

rFire   . . .        i - +1 short sword (venom)
rCold   . . .        (no shield)
rNeg    . . .        p - +0 robe
rPois   +            (helmet currently unavailable)
rElec   .            (cloak currently unavailable)
rCorr   .            (gloves currently unavailable)
SInv    +            (no barding)
Will    .....        (no amulet)
Stlth   ++           (no ring)
HPRegen 0.30/turn    (no ring)
MPRegen 0.10/turn

%: no passive effects
@: beast-form, corroded, very slow
A: beast (slay +2), AC +2, large, see invisible, deformed body, poison
resistance, slowness 2, spit poison 1, naga tail 1
a: Spit Poison, Begin Untransformation, Renounce Religion


You were on level 5 of the Dungeon.
You worshipped Cheibriados.
Cheibriados was noncommittal.
You were a hulking beast.
You visited 1 branch of the dungeon, and saw 5 of its levels.

You collected 225 gold pieces.

Inventory:

Hand Weapons
 i - a +1 short sword of venom (weapon)
Armour
 p - a +0 robe (worn)
Talismans
 c - a beast talisman
 d - a flux talisman
Scrolls
 a - a scroll of summoning {unknown}
 e - 2 scrolls of fear {unknown}
 f - 2 scrolls of teleportation {unknown}
 g - 2 scrolls of enchant armour {unknown}
 j - 5 scrolls of identify {unknown}
 k - a scroll of amnesia {unknown}
 l - a scroll of revelation {unknown}
 m - a scroll of enchant weapon {unknown}
 n - a scroll of poison {unknown}
 q - a scroll of torment {unknown}
 r - a scroll of silence {unknown}
 s - a scroll of blinking {unknown}
Potions
 b - a potion of lignification
 h - a potion of haste
 o - a potion of heal wounds {unknown}
 t - a potion of ambrosia {unknown}


   Skills:
 + Level 3.0 Fighting
 + Level 2.8 Dodging
 + Level 3.8 Stealth
 * Level 5.1 Unarmed Combat
 + Level 3.9 Shapeshifting


You had 6 spell levels left.
You didn't know any spells.
Your spell library contained the following spells:

 Spells                   Type           Power      Damage    Failure   Level
 Magic Dart               Conj           0%         1d3       34%         1
 Blink                    Tloc           0%         N/A       47%         2
 Call Imp                 Summ           0%         N/A       47%         2
 Lesser Beckoning         Tloc           0%         N/A       47%         2
 Dazzling Flash           Conj/Hex       0%         N/A       71%         3
 Gell's Gravitas          Tloc           0%         N/A       71%         3
 Mephitic Cloud           Conj/Alch/Air  0%         N/A       71%         3
 Teleport Other           Tloc           0%         N/A       71%         3
 Curse of Agony           Necr           0%         N/A       100%        5
 Silence                  Hex/Air        0%         N/A       100%        5


Dungeon Overview and Level Annotations

Branches:
Dungeon (5/15)
 Temple: D:4-7

Altars:
Ashenzari
Cheibriados
Makhleb
Ru
Trog
Uskayaw
Wu Jian
Xom
The Shining One

Shops:
D:3 :


Innate Abilities, Weirdness & Mutations

You are a hulking beast.
Your limbs bulge with bestial killing power. (Slay +2)
Your serpentine skin is tough. (AC +2)
You have supernaturally acute eyesight. (SInv)
Armour fits poorly on your strangely shaped body.
Your system is resistant to poisons. (rPois)
You cover ground very slowly.
You can spit poison.
You have a snake-like lower body.


Message History

Found a scroll labelled HEGAADW YPYABB.
There is a stone staircase leading up here.
f - 2 scrolls labelled HEGAADW YPYABB (gained 1)
A jelly comes into view.
A jelly is nearby!
Aiming: Spit Poison (1% risk of failure)
Press: ? - help, Shift-Dir - straight line, f - jelly
Aim: a jelly (100% to hit)
The splash of poison hits the jelly.
The jelly is moderately wounded.
The jelly hits you.
You are splashed with acid!
You barely miss the jelly.
The jelly is moderately wounded.
The jelly hits you but does no damage.
You hit the jelly.
Your hands burn!
The jelly is heavily wounded.
The jelly hits you but does no damage.
You hit the jelly. The acid corrodes you!
Your hands burn!
The jelly is severely wounded.
The jelly hits you.
You are splashed with acid!
You are too injured to fight recklessly!
You are too injured to fight recklessly!
You are too injured to fight recklessly!
You barely miss the jelly.
The jelly is severely wounded.
The jelly hits you. The acid corrodes you!
You are splashed with acid!
* * * LOW HITPOINT WARNING * * *
You hit the jelly.
Your hands burn!
* * * LOW HITPOINT WARNING * * *
The jelly is almost dead.
You have got your breath back.
The jelly hits you.
* * * LOW HITPOINT WARNING * * *
You are splashed with acid!
* * * LOW HITPOINT WARNING * * *
You barely miss the jelly.
The jelly is almost dead.
The jelly barely misses you.
You hit the jelly but do no damage.
The jelly is poisoned.
Your hands burn!
You die...

##########
#<......h#
#.######.J......
#.# ######.#.
#.# #.# #.# #.#
#.#


You could see a jelly (poisoned).

Vanquished Creatures
  An ice beast (D:3)
  A scorpion (D:4)
  2 hounds (D:4)
  5 gnolls (D:3)
  10 adders
  2 ufetubi (D:4)
  A dart slug (D:4)
  2 ribbon worms
  4 orcs
  9 bats
  15 endoplasms
  6 giant cockroaches
  8 goblins
  8 hobgoblins
  5 kobolds
  2 quokkas (D:2)
  9 ball pythons
  4 frilled lizards
  6 rats
100 creatures vanquished.

Notes
Turn   | Place    | Note
-------+----------+-------------------------------------------
     0 | D:1      | BigPumpCobain the Naga Shapeshifter began the quest for the
                  | Orb.
     0 | D:1      | Reached XP level 1. HP: 18/18 MP: 1/1
   127 | D:1      | Reached XP level 2. HP: 21/25 MP: 2/2
   411 | D:1      | Reached XP level 3. HP: 20/31 MP: 3/3
  1088 | D:2      | Reached skill level 1 in Stealth
  1385 | D:2      | Reached XP level 4. HP: 39/39 MP: 4/4
  1944 | D:3      | Noticed an ice beast
  1947 | D:3      | Reached skill level 4 in Unarmed Combat
  1952 | D:3      | Reached XP level 5. HP: 36/45 MP: 5/5
  1957 | D:3      | Killed an ice beast
  2122 | D:3      | Reached XP level 6. HP: 10/55 MP: 6/6
  2535 | D:3      | Found Ahuageif's Vocational Training.
  3109 | D:4      | Reached skill level 5 in Unarmed Combat
  3150 | D:4      | Reached XP level 7. HP: 62/62 MP: 7/7
  3348 | D:4      | Found a bloodstained altar of Trog.
  3354 | D:4      | Found a shimmering altar of Xom.
  3369 | D:4      | Found an ornate altar of the Wu Jian Council.
  3370 | D:4      | Found a sacrificial altar of Ru.
  3370 | D:4      | Found a snail-covered altar of Cheibriados.
  3372 | D:4      | Found a glowing golden altar of the Shining One.
  3374 | D:4      | Found a broken altar of Ashenzari.
  3376 | D:4      | Found a burning altar of Makhleb.
  3377 | D:4      | Found a hide-covered altar of Uskayaw.
  3380 | D:4      | Became a worshipper of Cheibriados the Contemplative
  3471 | D:5      | Entered Level 5 of the Dungeon
  3485 | D:5      | HP: 2/62 [acid (7)]
  3487 | D:5      | Splashed by a jelly's acid

Illustrated notes

Levels and vault maps discovered:
D:1:      eino_arrival_druids_welcome, layout_rooms,
          amcnicky_mini_corridor_feature
D:2:      minmay_inner_zag, layout_basic, kennysheep_generic_room_4
D:3:      minmay_recursive_quarters, layout_basic,
          chequers_serial_rivers_large_a, nicolae_shop_vocational
D:4:      layout_basic, minitemple, grunt_ministairs_9
D:5:      layout_loops_corners, minmay_temple_entry_trees, gup_sewer_entry_glass

Skill      XL: |  1  2  3  4  5  6 |
---------------+-------------------+-----
Stealth        | 1 2 3 |  3.8
Dodging        | 2 |  2.8
Fighting       | 2 3 |  3.0
Unarmed Combat | 4 5 |  5.1
Shapeshifting  | |  3.9

Action                     |  1- 3 |  4- 6 |  7- 9 || total
---------------------------+-------+-------+-------++-------
  Melee: Unarmed           |    71 |       |       ||    71
         Punch             |     2 |     4 |       ||     6
         Short sword       |    18 |   107 |    21 ||   146
Ability: Spit Poison       |    14 |    31 |     3 ||    48
    Use: Potion            |       |     2 |       ||     2
   Stab: Sleeping          |     3 |     1 |       ||     4
 Armour: Animal skin       |    58 |    19 |       ||    77
         Robe              |       |    63 |    17 ||    80
         Skin              |       |    25 |       ||    25
  Dodge: Dodged            |    44 |    65 |    11 ||   120

Table legend: (Time is in decaauts)
 A = Elapsed time spent in this place.
 B = Non-inter-level travel time spent in this place.
 C = Inter-level travel time spent in this place.
 D = Time resting spent in this place.
 E = Time spent auto-exploring this place.
 F = Levels seen in this place.
 G = Mean time per level.
                   A        B        C        D        E       F      G
               +--------+--------+--------+--------+--------+-----+--------+
         Total |   4399 |   4131 |    268 |      6 |   3442 |   5 |  879.8 |
       Dungeon |   4399 |   4131 |    268 |      6 |   3442 |   5 |  879.8 |
               +--------+--------+--------+--------+--------+-----+--------+

Top non-repeatable levels by time:
     D:2: 1340 daAuts
     D:3: 1210 daAuts
     D:1: 988 daAuts
     D:4: 838 daAuts
     D:5: 20 daAuts
